 Dungeon Crawl Stone Soup version 0.29.1-2-gbd0b4ee654 (webtiles) character file.

Game seed: 11133167524558238738

60 safid the Shooter (level 3, 0/33 HPs)
             Began as a Minotaur Hunter on Oct 24, 2022.
             Killed from afar by Sigmund (7 damage)
             ... with a magic dart
             ... on level 2 of the Dungeon.
             The game lasted 00:02:40 (1213 turns).

safid the Shooter (Minotaur Hunter)                 Turns: 1213, Time: 00:02:41

Health: 0/33       AC:  6    Str: 15    XL:     3   Next: 82%
Magic:  2/2        EV: 10    Int:  6    God:
Gold:   90         SH:  0    Dex: 21    Spells: 2/2 levels left

rFire   . . .      SeeInvis .   a - +0 shortbow
rCold   . . .      Faith    .   (shield currently unavailable)
rNeg    . . .      Spirit   .   d - +0 scale mail
rPois   .          Reflect  .   (helmet restricted)
rElec   .          Harm     .   (no cloak)
rCorr   .          Rampage  .   (no gloves)
Will    .....                   (no boots)
Stlth   +.........              (no amulet)
HPRegen 0.11/turn               h - +6 ring of dexterity
MPRegen 0.08/turn               (no ring)

@: no status effects
A: horns 2, retaliatory headbutt
a: no special abilities


You were on level 2 of the Dungeon.
You visited 1 branch of the dungeon, and saw 2 of its levels.

You collected 90 gold pieces.

Inventory:

Hand Weapons
 a - a +0 shortbow (weapon)
Missiles
 e - a throwing net
Armour
 d - a +0 scale mail (worn)
Jewellery
 h - a +6 ring of dexterity (left hand)
Scrolls
 f - 2 scrolls of identify {unknown}
 i - 2 scrolls of noise {unknown}
 j - a scroll of fear {unknown}
 k - a scroll of silence {unknown}
 l - a scroll of magic mapping {unknown}
Potions
 b - a potion of cancellation {unknown}
 c - a potion of heal wounds {unknown}
 g - a potion of mutation {unknown}
 m - a potion of invisibility {unknown}
 n - 2 potions of curing {unknown}


   Skills:
 + Level 4.0 Fighting
 + Level 5.2 Ranged Weapons
 - Level 2.1 Dodging
 - Level 0.7 Stealth


You had 2 spell levels left.
You didn't know any spells.
Your spell library contained the following spells:

 Spells                   Type           Power      Damage    Failure   Level
 Magic Dart               Conj           0%         1d3       91%         1
 Call Imp                 Summ           0%         N/A       97%         2
 Mephitic Cloud           Conj/Pois/Air  0%         N/A       99%         3


Dungeon Overview and Level Annotations

Branches:
Dungeon (2/15)

Altars:

Annotations:
D:2 Sigmund


Innate Abilities, Weirdness & Mutations

You have a pair of horns on your head.
You reflexively headbutt those who attack you in melee.


Message History

Sigmund the Dreaded comes into view.
He is wielding a +0 scythe.
Found a stone staircase leading down.
Sigmund shouts!
Sigmund is nearby!
Sigmund is nearby!
You shoot an arrow. The arrow closely misses Sigmund.
Sigmund closely misses you.
You shoot an arrow. The arrow hits Sigmund.
Sigmund is lightly wounded.
Sigmund barely misses you.
You shoot an arrow. The arrow hits Sigmund.
Sigmund is lightly wounded.
Sigmund hits you from afar with a +0 scythe.
You shoot an arrow. The arrow hits Sigmund.
Sigmund is lightly wounded.
Sigmund casts a spell at you.
You are confused.
You are too confused!
You are too confused!
You are too confused!
You are too confused!
You are too confused!
You are too confused!
You bump into the rock wall.
Sigmund gestures at you while chanting. The magic dart hits you.
You bump into the rock wall.
Sigmund barely misses you.
You bump into the rock wall.
Sigmund says, "You will soon forget everything."
Sigmund hits you from afar with a +0 scythe!
You feel less confused.
Sigmund hits you from afar with a +0 scythe.
Sigmund gestures at you while chanting. The puff of flame hits you.
Sigmund casts a spell at you. The puff of flame hits you!
* * * LOW HITPOINT WARNING * * *
Sigmund casts a spell at you. The magic dart hits you!
You die...

#.. #.# #.# ######### #.##
....>...# #.#. ........######
######.#.
.............############....#.#.
............@...@............'.#.
##...........############.[..#...
######.........# ######.#.
>.......######### #.## ..#######
♣.♣ ♣.. ♣♣♣


You could see Sigmund.

Vanquished Creatures
  2 adders (D:2)
  2 dart slugs (D:1)
  2 endoplasms (D:2)
  A giant cockroach (D:1)
  5 goblins
  A hobgoblin (D:1)
  3 jackals (D:1)
  6 kobolds
  2 quokkas (D:2)
  2 ball pythons
  6 bats
  4 frilled lizards
  2 rats
38 creatures vanquished.

Notes
Turn   | Place    | Note
-------+----------+-------------------------------------------
     0 | D:1      | safid the Minotaur Hunter began the quest for the Orb.
     0 | D:1      | Reached XP level 1. HP: 18/18 MP: 0/0
   192 | D:1      | Reached XP level 2. HP: 23/25 MP: 1/1
   465 | D:1      | Reached XP level 3. HP: 30/31 MP: 2/2
   635 | D:2      | Reached skill level 5 in Ranged Weapons
  1170 | D:2      | Identified the +1 robe of Coorr {Dex+4}
  1193 | D:2      | Noticed Sigmund
  1213 | D:2      | Killed from afar by Sigmund

Illustrated notes

Levels and vault maps discovered:
D:1:      doesnt_arrival_eight_statues, layout_rooms
D:2:      kb_forest_paths, layout_basic, uniq_sigmund

Skill      XL: |  1  2  3 |
---------------+----------+-----
Fighting       | 3 4 |  4.0
Ranged Weapons | 5 |  5.2
Dodging        | |  2.1
Stealth        | |  0.7

Action                   || total
-------------------------++-------
 Fire: Shortbow          ||   103
Armor: Scale mail        ||    25
       Leather armour    ||     4
Dodge: Dodged            ||    33
